 Dungeon Crawl Stone Soup version 0.21-a0-210-gbfa5647 (webtiles) character file.

60630 Lavandula the Fighter (level 14, -3/111 HPs)
             Began as a Ghoul Ice Elementalist on Aug 21, 2017.
             Was an Elder of Hepliaklqana.
             Slain by an entropy weaver (14 damage)
             ... on level 1 of the Spider Nest.
             The game lasted 02:10:21 (11427 turns).

Lavandula the Fighter (Ghoul Ice Elementalist)     Turns: 11427, Time: 02:10:21

Health: -3/111     AC:  7    Str: 16    XL:     14   Next: 42%
Magic:  4/32       EV: 18    Int: 14    God:    Hepliaklqana [****..]
Gold:   536        SH:  6    Dex: 16    Spells: 6/27 levels left

rFire    . . .     SeeInvis .   A - +8 rapier (venom)
rCold    . . .     Gourm    .   p - +0 buckler
rNeg     + + +     Faith    .   n - +2 robe of Asaownau {Regen+ Dex+5}
rPois    ∞         Spirit   .   L - +1 helmet of the Great Game {Str+3 Dex+2}
rElec    .         Reflect  .   h - +2 cloak
rCorr    +         Harm     .   Q - +0 pair of gloves "Mumoih" {rC- Slay+3 Stlth+}
MR       +....                  U - +2 pair of boots
Stlth    +++++.....             (no amulet)
HPRegen  0.00/turn              e - ring of resist corrosion
MPRegen  0.23/turn              f - ring of magical power

@: icy armour, corroded, rotting, slow
A: rotting body, reduced essence, claws 1, carnivore 3, cold resistance 1,
negative energy resistance 3, inhibited regeneration, torment resistance,
unbreathing
}: 1/15 runes: decaying
a: Recall Ancestor, Ancestor Identity, Transference, Idealise, Renounce Religion


You were on level 1 of the Spider Nest.
You worshipped Hepliaklqana.
Hepliaklqana was greatly pleased with you.
You were not hungry.

You visited 6 branches of the dungeon, and saw 25 of its levels.
You also visited: Bailey, Ice Cave and Volcano.

You collected 2037 gold pieces.
You spent 1501 gold pieces at shops.

Inventory:

Hand Weapons
 A - a +8 rapier of venom (weapon)
Missiles
 d - 7 javelins
 I - 2 throwing nets (quivered)
Armour
 h - a +2 cloak (worn)
 j - +0 fire dragon scales
 n - the +2 robe of Asaownau (worn) {Regen+ Dex+5}
   (You found it on level 2 of the Swamp)

   It affects your dexterity (+5).
   It increases your rate of regeneration.
 p - a +0 buckler (worn)
 G - a +2 robe of resistance
 L - the +1 helmet of the Great Game (worn) {Str+3 Dex+2}
   (You found it on level 1 of the Orcish Mines)

   It affects your strength (+3).
   It affects your dexterity (+2).
 Q - the +0 pair of gloves "Mumoih" (worn) {rC- Slay+3 Stlth+}
   (You bought it in a shop on level 2 of the Orcish Mines)

   It affects your accuracy and damage with ranged weapons and melee attacks
   (+3).
   It makes you vulnerable to cold.
   It makes you more stealthy.
 U - a +2 pair of boots (worn)
Magical Staves
 X - an uncursed staff of air
Jewellery
 e - a ring of resist corrosion (left hand)
 f - a ring of magical power (right hand)
 F - an uncursed ring of protection from cold
 P - an uncursed ring of see invisible
Wands
 a - a wand of paralysis (16/24)
 b - a wand of lightning (12/15)
 u - a wand of iceblast (6/15)
 v - a wand of enslavement (0/24)
 C - a wand of digging (9/24)
 H - a wand of confusion (27/48)
 M - a wand of lightning (7/15)
 O - a wand of polymorph (11/24)
 Y - a wand of flame (6/48)
Scrolls
 k - 2 scrolls of fog
 o - 7 scrolls of teleportation
 s - 2 scrolls of magic mapping
 w - 7 scrolls of remove curse
 D - 4 scrolls of amnesia
 E - a scroll of blinking
 K - 2 scrolls of fear
 S - a scroll of summoning
 V - a scroll of brand weapon {unknown}
 W - a scroll of vulnerability
Potions
 l - 2 potions of agility {unknown}
 m - a potion of berserk rage {unknown}
 q - 3 potions of curing
 t - a potion of resistance {unknown}
 x - 2 potions of heal wounds
 z - 3 potions of brilliance {unknown}
 J - 4 potions of might {unknown}
 N - 4 potions of flight {unknown}
 R - 2 potions of mutation {unknown}
 Z - a potion of ambrosia {unknown}
Books
 g - a book of Misfortune

   Spells                             Type                      Level
   a - Confusing Touch                Hexes                        1
   b - Confuse                        Hexes                        3
   c - Gell's Gravitas                Translocation                3
   d - Petrify                        Transmutation/Earth          4
   e - Metabolic Englaciation         Hexes/Ice                    5
   f - Yara's Violent Unravelling     Hexes/Transmutation          5
 r - a book of the Earth

   Spells                             Type                      Level
   a - Leda's Liquefaction            Hexes/Earth                  4
   b - Bolt of Magma                  Conjuration/Fire/Earth       5
   c - Statue Form                    Transmutation/Earth          6
   d - Iron Shot                      Conjuration/Earth            6
   e - Shatter                        Earth                        9
 y - a book of Flames

   Spells                             Type                      Level
   a - Flame Tongue                   Conjuration/Fire             1
   b - Throw Flame                    Conjuration/Fire             2
   c - Conjure Flame                  Conjuration/Fire             3
   d - Inner Flame                    Hexes/Fire                   3
   e - Sticky Flame                   Conjuration/Fire             4
   f - Fireball                       Conjuration/Fire             5
 B - a book of the Dragon

   Spells                             Type                      Level
   a - Flame Tongue                   Conjuration/Fire             1
   b - Cause Fear                     Hexes                        4
   c - Bolt of Fire                   Conjuration/Fire             6
   d - Dragon Form                    Transmutation                7
   e - Dragon's Call                  Summoning                    9
Miscellaneous
 i - a lightning rod (4/4)
 T - a phantom mirror
Comestibles
 c - 2 meat rations


   Skills:
 - Level 11.0 Fighting
 - Level 8.3 Short Blades
 + Level 9.0 Dodging
 - Level 8.3 Stealth
 - Level 5.8 Shields
 - Level 7.3 Spellcasting
 - Level 4.0 Conjurations
 - Level 2.5 Charms
 - Level 5.4 Summonings
 - Level 4.1 Fire Magic
 - Level 7.1 Ice Magic
 - Level 7.0 Invocations
 - Level 4.4 Evocations


You had 6 spell levels left.
You knew the following spells:

 Your Spells              Type           Power        Failure   Level  Hunger
a - Freeze                Ice            ###.         1%          1    None
b - Ozocubu's Armour      Chrm/Ice       ###.....     6%          3    ##.....
c - Summon Ice Beast      Ice/Summ       ###.....     11%         4    ####...
d - Throw Icicle          Conj/Ice       ###.....     14%         4    ####...
e - Sticky Flame          Conj/Fire      ###.....     26%         4    ####...
f - Conjure Flame         Conj/Fire      ###.....     8%          3    ##.....
g - Swiftness             Chrm/Air       #.......     12%         2    None


Dungeon Overview and Level Annotations

Branches:
Dungeon (12/15)            Temple (1/1) D:5            Lair (4/6) D:8
  Swamp (4/4) Lair:3       Spider (2/4) Lair:3          Orc (2/2) D:11
    Elf (0/3) Orc:2

Altars:
Ashenzari
Cheibriados
Dithmenos
Elyvilon
Fedhas
Gozag
Hepliaklqana
Kikubaaqudgha
Nemelex Xobeh
Okawaru
Qazlal
Trog
Uskayaw
Vehumet
Xom
Yredelemnul
Zin
The Shining One
Beogh

Shops:
D:10 *   D:11 ([(([   Orc:1 ((?=   Orc:2 ([(?

Annotations:
D:3 Grinder
D:4 exclusion: phantom
D:5 Sigmund
D:12 exclusion: upstairs
Swamp:4 exclusion: alligator
Spider:1 1 transporter


Innate Abilities, Weirdness & Mutations

Your body is rotting away.
You thrive on raw meat.
You are immune to poison.
You have sharp fingernails.
You are carnivorous and can eat meat at any time.
Your flesh is cold resistant. (rC+)
You are immune to negative energy. (rN+++)
You do not regenerate when monsters are visible.
You are immune to unholy pain and torment.
You can survive without breathing.
Your life essence is reduced to manifest your ancestor. (-10% HP)


Message History

Confirm with . or Enter, or press ? or * to list all spells.
A chill wind blows around you. The entropy weaver hits your ice beast.
Your ice beast dies!
Unknown command.
Casting: Summon Ice Beast
Confirm with . or Enter, or press ? or * to list all spells.
A chill wind blows around you.
The entropy weaver gestures wildly while chanting.
The entropic weave corrodes you!
Your ice beast hits the entropy weaver.
Your ice beast freezes the entropy weaver!
Unknown command.
Casting: Summon Ice Beast
Confirm with . or Enter, or press ? or * to list all spells.
A chill wind blows around you. The entropy weaver hits you.
The entropy weaver hits you!
* * * LOW HITPOINT WARNING * * *
The entropy weaver hits you!
* * * LOW HITPOINT WARNING * * *
The entropy weaver hits you!
You die...

#.......^..................#
##.......................^..
###...........................
##.#..........................^
#..............................
#..........s...<.............##
#.............Y............^(..
###...........Ya................
#..............@................
#............Y..................
##..[.s§........................
##.............................
##...............^.............
##..............................
#..........................^....
#...#..............©............
#..##.......^#############......


You could see an entropy weaver, a redback and 3 friendly ice beasts.

Vanquished Creatures
  Donald (Orc:2)
  A frost giant (IceCv)
  An orc warlord (Orc:1)
  Erica (D:9)
  A spriggan druid (Swamp:2)
  Pikel (D:6)
  An orc knight (Orc:2)
  2 wolf spiders (Spider:1)
  An orc sorcerer (Orc:1)
  A rime drake (IceCv)
  10 polar bears (IceCv)
  3 hornets (Swamp:2)
  2 jumping spiders
  A blink frog (Swamp:3)
  Prince Ribbit (D:5)
  A slime creature (Swamp:1)
  A hippogriff (Lair:3)
  2 spriggans
  3 yaks
  A tarantella (Spider:1)
  3 redbacks (Spider:1)
  3 vampire mosquitoes (Swamp:2)
  A warg (Orc:1)
  4 swamp worms
  A porcupine (Lair:1)
  A sky beast (D:7)
  An ice beast (D:11)
  A phantom (D:11)
  7 orc warriors
  An ogre (D:12)
  A centaur (Volcano)
  3 wolves (IceCv)
  A crocodile (Lair:3)
  A big kobold (D:12)
  2 bullfrogs
  A scorpion (D:10)
  5 killer bees
  2 howler monkeys
  A battlemage (Orc:2)
  4 crimson imps
  A jelly (D:8)
  5 hounds
  7 orc wizards
  A bullfrog skeleton (D:10)
  A centaur skeleton (D:10)
  4 orc priests
  Ijyb (D:3)
  An iguana (D:9)
  6 worker ants
  4 adders
  A shadow imp (D:5)
  An ooze (D:3)
  A worm (D:3)
  2 dart slugs
  6 leopard geckos
  39 orcs
  A ball python (D:3)
  A bat (D:3)
  3 giant cockroaches
  3 goblins
  4 hobgoblins
  9 jackals
  5 kobolds
  A frilled lizard (D:4)
  5 rats
193 creatures vanquished.

Vanquished Creatures (collateral kills)
  An orc warlord (Orc:2)
  3 hydras
  A centaur warrior (Volcano)
  2 two-headed ogres
  2 alligators
  A death yak (IceCv)
  An orc high priest (Orc:2)
  A hell knight (Volcano)
  An unseen horror (D:11)
  A swamp dragon (Swamp:3)
  A shambling mangrove (Swamp:2)
  An orb spider (Spider:1)
  3 orc sorcerers
  2 orc knights
  2 cyclopes
  4 wolf spiders
  9 deep elf magi (Orc:2)
  An ice statue (IceCv)
  A gargoyle (D:10)
  A spiny frog (Swamp:1)
  2 yaktaurs (Volcano)
  2 kobold demonologists (D:9)
  A demonic crawler (Spider:1)
  4 hornets
  2 trolls
  6 polar bears (IceCv)
  2 jumping spiders (Spider:1)
  2 blink frogs (Swamp:3)
  A meliai zombie (D:10)
  A hippogriff (D:12)
  4 slime creatures (Swamp:1)
  A shadow (Swamp:1)
  5 redbacks (Spider:1)
  A vampire (D:10)
  16 yaks
  A spriggan (Swamp:3)
  A wyvern (D:10)
  A tarantella (Spider:1)
  A wraith (D:10)
  Eustachio (D:6)
  A hungry ghost (D:12)
  A steam dragon (D:7)
  2 vampire mosquitoes (D:12)
  6 swamp worms
  6 wargs
  An acid dragon (D:11)
  A water moccasin (Lair:3)
  43 orc warriors
  A sky beast (D:6)
  3 ice beasts
  8 ogres
  8 wolves (IceCv)
  5 centaurs
  A bullfrog (D:8)
  A wyvern skeleton (D:11)
  10 killer bees
  2 electric eels (Orc:2)
  3 howler monkeys (D:7)
  A crimson imp (D:11)
  A hound (D:8)
  A centaur skeleton (D:8)
  A jelly (D:11)
  A bullfrog skeleton (D:9)
  A quasit (D:11)
  23 orc priests
  19 orc wizards
  A worker ant (D:9)
  A hound skeleton (D:6)
  An adder (D:11)
  A shadow imp (D:10)
  74 orcs
  2 jackals (D:11)
  A quokka (D:8)
  3 kobolds (D:9)
329 creatures vanquished.

Vanquished Creatures (others)
  A jumping spider (Spider:1)
  A tarantella (Spider:1)
  3 slaves (D:6)
  A wolf (IceCv)
  An orc priest (D:6)
  30 battlemagi
  4 ancestors
  2 orcs
  A fungus (Orc:2)
44 creatures vanquished.

Grand Total: 566 creatures vanquished

Notes
Turn   | Place    | Note
-------+----------+-------------------------------------------
     0 | D:1      | Lavandula the Ghoul Ice Elementalist began the quest for the Orb.
     0 | D:1      | Reached XP level 1. HP: 14/14 MP: 2/2
   268 | D:3      | Noticed a howler monkey
   293 | D:3      | Reached XP level 2. HP: 19/19 MP: 0/3
   368 | D:3      | Noticed Grinder
   470 | D:2      | Reached XP level 3. HP: 11/26 MP: 3/5
   651 | D:3      | Noticed Ijyb
   658 | D:3      | Reached XP level 4. HP: 33/33 MP: 6/7
   708 | D:3      | Killed Ijyb
   708 | D:3      | Reached skill level 1 in Fighting
   710 | D:3      | Reached skill level 2 in Fighting
   710 | D:3      | Reached XP level 5. HP: 18/41 MP: 0/8
   769 | D:3      | Learned a level 3 spell: Ozocubu's Armour
   774 | D:3      | Learned a level 4 spell: Summon Ice Beast
   980 | D:5      | Entered Level 5 of the Dungeon
  1004 | D:4      | Noticed a phantom
  1041 | D:4      | Reached skill level 5 in Ice Magic
  1116 | D:4      | Noticed an ogre
  1217 | D:5      | Reached XP level 6. HP: 10/48 MP: 9/9
  1265 | D:5      | Found a staircase to the Ecumenical Temple.
  1271 | Temple   | Entered the Ecumenical Temple
  1333 | Temple   | Became a worshipper of Hepliaklqana the Forgotten
  1516 | D:5      | Noticed Prince Ribbit
  1528 | D:5      | Killed Prince Ribbit
  1535 | D:5      | Found an ancient bone altar of Kikubaaqudgha.
  1538 | D:5      | Found a hide-covered altar of Uskayaw.
  1550 | D:5      | Found a bloodstained altar of Trog.
  1559 | D:5      | Noticed Sigmund
  1589 | D:5      | Noticed Eustachio
  1618 | D:6      | Killed Eustachio
  1618 | D:6      | Reached XP level 7. HP: 18/48 MP: 5/10
  1972 | D:6      | Reached * piety under Hepliaklqana
  1993 | D:6      | Noticed Pikel
  2033 | D:6      | Killed Pikel
  2033 | D:6      | Reached skill level 5 in Summonings
  2033 | D:6      | Reached XP level 8. HP: 36/54 MP: 1/11
  2380 | D:7      | Reached skill level 5 in Dodging
  2380 | D:7      | Reached XP level 9. HP: 22/60 MP: 8/12
  2572 | D:8      | Noticed a two-headed ogre
  2991 | D:10     | Entered Level 10 of the Dungeon
  3036 | D:10     | Reached skill level 5 in Spellcasting
  3142 | D:9      | Noticed Erica
  3383 | D:9      | Reached ** piety under Hepliaklqana
  3384 | D:9      | Remembered your ancestor Ingwe as a battlemage
  3401 | D:9      | Noticed a hornet
  3412 | D:9      | Killed a hornet
  3423 | D:9      | Learned a level 4 spell: Throw Icicle
  3604 | D:9      | Reached skill level 1 in Shields
  3607 | D:9      | Noticed a cyclops
  3611 | D:9      | Reached XP level 10. HP: 65/65 MP: 14/19
  3617 | D:9      | Killed a cyclops
  3693 | D:9      | Noticed a kobold demonologist
  3698 | D:9      | Noticed a kobold demonologist
  3703 | D:9      | Killed a kobold demonologist
  3704 | D:9      | Noticed a smoke demon
  3705 | D:9      | Killed a kobold demonologist
  3932 | D:11     | Noticed a five-headed hydra
  3943 | D:11     | Killed a five-headed hydra
  3943 | D:11     | Reached skill level 5 in Shields
  3993 | D:11     | Reached skill level 1 in Evocations
  4006 | D:11     | Found Xeucw's Weapon Boutique.
  4058 | D:11     | Found Deirai Cuhos's Antique Armour Boutique.
  4066 | D:11     | Bought a heavy robe for 176 gold pieces
  4076 | D:11     | Identified the +0 robe "Ogaces" {rC+} (You bought it in a shop on level 11 of the Dungeon)
  4108 | D:11     | Killed an unseen horror
  4123 | D:11     | Reached skill level 1 in Invocations
  4178 | D:11     | Noticed a two-headed ogre
  4243 | D:12     | Reached *** piety under Hepliaklqana
  4291 | D:12     | Reached XP level 11. HP: 71/71 MP: 20/20
  4333 | D:12     | Noticed a deep elf mage
  4343 | D:12     | Noticed a six-headed hydra
  4455 | D:11     | Reached skill level 3 in Fighting
  4470 | D:11     | Found Duti's Antique Weapon Boutique.
  4484 | D:11     | Found a staircase to the Orcish Mines.
  4499 | D:11     | Found Liatsutin's Armour Boutique.
  4560 | D:11     | Reached skill level 4 in Fighting
  4601 | D:11     | Found Nar Heu's Weapon Emporium.
  4706 | D:11     | Killed a two-headed ogre
  4706 | D:11     | Reached skill level 5 in Fighting
  4831 | Orc:1    | Entered Level 1 of the Orcish Mines
  4857 | Orc:1    | Reached skill level 6 in Fighting
  4939 | Orc:1    | Got a polished helmet
  4945 | Orc:1    | Identified the +1 helmet of the Great Game {Str+3 Dex+2} (You found it on level 1 of the Orcish Mines)
  4995 | Orc:1    | Found Urphacall's Magic Scroll Boutique.
  5012 | Orc:1    | Bought a scroll of teleportation for 39 gold pieces
  5012 | Orc:1    | Bought a scroll of fear for 45 gold pieces
  5012 | Orc:1    | Bought a scroll of immolation for 45 gold pieces
  5029 | Orc:1    | Found Tisofa's Antique Weapon Emporium.
  5037 | Orc:1    | Found Mutuf's Jewellery Shoppe.
  5049 | Orc:1    | Found Zitwinle's Antique Weapon Shop.
  5110 | Orc:1    | Bought a scroll of enchant armour for 97 gold pieces
  5128 | Orc:1    | Found a flagged portal.
  5175 | Bailey   | Entered a bailey
  5214 | Bailey   | Noticed an orc knight
  5277 | Bailey   | Killed an orc knight
  5682 | Orc:2    | Entered Level 2 of the Orcish Mines
  5683 | Orc:2    | Found a staircase to the Elven Halls.
  5685 | Orc:2    | Reached **** piety under Hepliaklqana
  5741 | Orc:2    | Noticed a deep elf mage
  5741 | Orc:2    | Noticed a deep elf mage
  5741 | Orc:2    | Noticed a deep elf mage
  5741 | Orc:2    | Noticed a deep elf mage
  5741 | Orc:2    | Noticed a deep elf mage
  5741 | Orc:2    | Noticed a deep elf mage
  5741 | Orc:2    | Noticed a deep elf mage
  5749 | Orc:2    | Killed a deep elf mage
  5757 | Orc:2    | Killed a deep elf mage
  5757 | Orc:2    | Reached skill level 7 in Fighting
  5758 | Orc:2    | Killed a deep elf mage
  5761 | Orc:2    | Killed a deep elf mage
  5763 | Orc:2    | Killed a deep elf mage
  5763 | Orc:2    | Reached skill level 8 in Fighting
  5768 | Orc:2    | Noticed a deep elf mage
  5770 | Orc:2    | Killed a deep elf mage
  5773 | Orc:2    | Killed a deep elf mage
  5797 | Orc:2    | Noticed a deep elf mage
  5798 | Orc:2    | Killed a deep elf mage
  5798 | Orc:2    | Reached skill level 9 in Fighting
  5810 | Orc:2    | Killed a deep elf mage
  5810 | Orc:2    | Reached XP level 12. HP: 32/93 MP: 3/21
  5850 | Orc:2    | Noticed Donald
  5855 | Orc:2    | Killed Donald
  5855 | Orc:2    | Reached skill level 10 in Fighting
  6105 | Orc:2    | Found a roughly hewn altar of Beogh.
  6113 | Orc:2    | Found Noadaff's Magic Scroll Shoppe.
  6121 | Orc:2    | Bought a scroll of blinking for 112 gold pieces
  6121 | Orc:2    | Bought a scroll of summoning for 142 gold pieces
  6121 | Orc:2    | Bought a scroll of vulnerability for 112 gold pieces
  6121 | Orc:2    | Bought a scroll of random uselessness for 15 gold pieces
  6121 | Orc:2    | Bought a scroll of amnesia for 52 gold pieces
  6121 | Orc:2    | Bought a scroll of torment for 112 gold pieces
  6234 | Orc:2    | Noticed an orc warlord
  6238 | Orc:2    | Reached skill level 5 in Invocations
  6336 | Orc:2    | Found a roughly hewn altar of Beogh.
  6398 | Orc:1    | Noticed an orc warlord
  6628 | Orc:1    | Killed an orc warlord
  6890 | Orc:2    | Found Kusosch's Weapon Boutique.
  6939 | Orc:2    | Found a roughly hewn altar of Beogh.
  7072 | Orc:2    | Reached skill level 5 in Stealth
  7227 | Orc:2    | Killed an orc warlord
  7413 | Orc:2    | Noticed an orc high priest
  7418 | Orc:2    | Killed an orc high priest
  7588 | Orc:2    | Reached skill level 11 in Fighting
  7588 | Orc:2    | Reached XP level 13. HP: 104/104 MP: 8/22
  7672 | Orc:2    | Found Kahoa's Antique Weapon Boutique.
  7673 | Orc:2    | Found a roughly hewn altar of Beogh.
  7675 | Orc:2    | Found Yrood's Antique Armour Shop.
  7689 | Orc:2    | Bought a pair of steaming gloves for 247 gold pieces
  7694 | Orc:2    | Identified the cursed +0 pair of gloves "Mumoih" {rC- Slay+3 Stlth+} (You bought it in a shop on level 2 of the Orcish Mines)
  7737 | Orc:2    | Bought a scroll of enchant armour for 112 gold pieces
  7801 | Orc:1    | Bought an uncursed ring of see invisible for 195 gold pieces
  7860 | D:10     | Found Ykoif's Assorted Antiques.
  8337 | D:9      | Killed Erica
  8601 | D:8      | You fall through a shaft for 2 floors!
  9019 | D:8      | Found a staircase to the Lair.
  9090 | D:8      | Found a sparkling altar of Nemelex Xobeh.
  9091 | D:8      | Found an opulent altar of Gozag.
  9138 | Lair:1   | Entered Level 1 of the Lair of Beasts
  9149 | Lair:1   | Learned a level 4 spell: Sticky Flame
  9284 | Lair:3   | Found a dark tunnel.
  9305 | Volcano  | Entered a volcano
  9341 | Volcano  | Reached skill level 1 in Fire Magic
  9519 | Lair:3   | Found a frozen archway.
  9528 | IceCv    | Entered an ice cave
  9533 | IceCv    | Learned a level 3 spell: Conjure Flame
  9674 | IceCv    | Reached skill level 1 in Short Blades
 10018 | IceCv    | Noticed a frost giant
 10025 | IceCv    | Killed a frost giant
 10025 | IceCv    | Reached skill level 5 in Short Blades
 10215 | Lair:3   | Found a staircase to the Swamp.
 10227 | Swamp:1  | Entered Level 1 of the Swamp
 10233 | Swamp:1  | Reached skill level 1 in Conjurations
 10334 | Swamp:2  | Learned a level 2 spell: Swiftness
 10374 | Swamp:2  | Reached XP level 14. HP: 101/111 MP: 3/23
 10460 | Swamp:2  | Got a tattered robe
 10482 | Swamp:2  | Identified the +2 robe of Asaownau {Regen+ Dex+5} (You found it on level 2 of the Swamp)
 10791 | Swamp:4  | Entered Level 4 of the Swamp
 10859 | Swamp:4  | Noticed a tentacled monstrosity
 10861 | Swamp:4  | Got a decaying rune of Zot
 10865 | Swamp:4  | That was wasteful.
 10865 | Swamp:4  | I had to use transference
 11015 | Lair:3   | Found a hole to the Spider Nest.
 11037 | Spider:1 | Entered Level 1 of the Spider Nest
 11037 | Spider:1 | Reached ***** piety under Hepliaklqana
 11115 | Spider:1 | Found a transporter.
 11300 | Spider:2 | Noticed an entropy weaver
 11427 | Spider:1 | Slain by an entropy weaver

Vault maps used:
D:1:      scummos_arrival_checkerplants, minmay_misc_feat_rows
D:3:      kennysheep_generic_room_10, uniq_ijyb, uniq_grinder
D:5:      grunt_temple_overflow_cloverleaf, temple_green, first_bread,
          hangedman_glass_garden, hangedman_decor_points, bloody_trog,
          uniq_eustachio, uniq_prince_ribbit1, uniq_sigmund
D:6:      fountainhead, uniq_pikel, uniq_edmund
D:8:      grunt_temple_overflow_opulence, led_sif_book,
          erik_lair_orcish_takeover
D:9:      uniq_erica
D:10:     serial_shops, shop
D:11:     orc_0_dummy, serial_shops, kennysheep_mini, shop,
          nicolae_shop_crystal, nicolae_shop_statue_plus, shop
D:12:     wad_floor_pattern_untrapped
Temple:   regret_index_temple_waves
Lair:2:   nicolae_quartered_pool_medium
Lair:3:   swamp_mist, spider_nest_entry_rubble, nicolae_volcano_entry_lava_flow,
          portal_ice_cave_entry_pillars_2
Lair:4:   st_stairs_11
Swamp:1:  evilmike_swamp_ruin_house_3, swamp_pool2, lightli_tree_ring,
          uniq_roxanne, uniq_josephine
Swamp:2:  evilmike_swamp_ruin_house_2
Swamp:3:  nicolae_swamp_trees_clearing
Swamp:4:  swamp_vile, uniq_louise, uniq_aizul, uniq_bai_suzhen
Spider:1: gammafunk_its_a_trap, uniq_agnes
Orc:1:    enter_bailey_8, serial_shops, shop, nicolae_shop_waterfront,
          nicolae_shop_waterfront, shop, minmay_orc_keep
Orc:2:    grunt_orc_community_town_hall, grunt_orc_community_big_house_2,
          grunt_orc_community_big_house_2, grunt_orc_community_house_2,
          grunt_orc_community_house_1, grunt_orc_community_house_3,
          grunt_orc_community_house_2, grunt_orc_community_house_1,
          nicolae_orc_damp_corner, elves_outpost_lemuel, uniq_donald
Bailey:   bailey_polearm_4, bailey
IceCv:    ice_cave_caverns_03
Volcano:  volcano_pools

Skill      XL: |  1  2  3  4  5  6  7  8  9 10 11 12 13 14 |
---------------+-------------------------------------------+-----
Ice Magic      | 4 5 6 7 |  7.1
Spellcasting   | 2 3 7 |  7.3
Fighting       | 2 9 11 | 11.0
Charms         | 2 |  2.5
Summonings     | 2 5 |  5.4
Dodging        | 5 7 8 9 |  9.0
Shields        | 1 5 |  5.8
Evocations     | 4 |  4.4
Invocations    | 3 7 |  7.0
Stealth        | 8 |  8.3
Fire Magic     | 3 4 |  4.1
Short Blades   | 6 8 |  8.3
Conjurations   | 3 4 |  4.0

Action                   |  1- 3 |  4- 6 |  7- 9 | 10-12 | 13-15 || total
-------------------------+-------+-------+-------+-------+-------++-------
Melee: Unarmed           |    21 |    16 |       |       |       ||    37
       Rapier            |       |       |    39 |   162 |   226 ||   427
       Whip              |       |       |     1 |       |       ||     1
Throw: Throwing net      |       |       |       |     1 |       ||     1
 Cast: Freeze            |    38 |   101 |    61 |    28 |     9 ||   237
       Ozocubu's Armour  |       |     2 |     4 |    11 |    19 ||    36
       Summon Ice Beast  |       |     1 |    42 |   154 |    92 ||   289
       Throw Icicle      |       |       |       |     4 |     2 ||     6
Invok: Recall Ancestor   |       |       |     3 |     5 |     3 ||    11
       Ancestor Life: Ba |       |       |     1 |       |       ||     1
       Idealise          |       |       |       |     3 |     4 ||     7
Evoke: Wand              |       |       |     1 |    25 |     7 ||    33
       Lightning rod     |       |       |       |     4 |     1 ||     5
  Use: Potion            |       |     2 |       |     1 |     1 ||     4
       Scroll            |       |     2 |     2 |     6 |    18 ||    28
 Stab: Sleeping          |       |     1 |       |     2 |     7 ||    10
       Distracted        |       |       |       |     1 |     5 ||     6
  Eat: Chunk             |     6 |    17 |    37 |    54 |    65 ||   179
Armor: Robe              |    13 |    19 |    25 |    64 |   115 ||   236
Dodge: Dodged            |    30 |    76 |    73 |   137 |   272 ||   588
Block: Buckler           |       |       |       |    70 |    78 ||   148

Table legend:
 A = Spawn XP
 B = Non-spawn XP
 C = Spawn XP percentage of total XP
 D = Spawn monster count
 E = Non-spawn monster count
 F = Spawn count percentage of total count
 G = Total turns spent on level
                    A         B        C        D         E        F      G
               +---------+---------+-------+---------+---------+-------+---------
         Total |    4458 |   63585 |   6.6 |      43 |     479 |   8.2 | 11427
               +---------+---------+-------+---------+---------+-------+---------
           D:1 |       0 |       1 |   0.0 |       0 |       1 |   0.0 |   183
           D:2 |       0 |      34 |   0.0 |       0 |      11 |   0.0 |   312
           D:3 |       5 |     159 |   3.0 |       2 |      20 |   9.1 |   457
           D:4 |       0 |      98 |   0.0 |       0 |       9 |   0.0 |   258
           D:5 |       0 |     519 |   0.0 |       0 |      17 |   0.0 |   492
           D:6 |       0 |    1009 |   0.0 |       0 |      14 |   0.0 |   369
           D:7 |       0 |     970 |   0.0 |       0 |      24 |   0.0 |   642
           D:8 |      45 |    1812 |   2.4 |       1 |      21 |   4.5 |   703
           D:9 |       0 |    2710 |   0.0 |       0 |      24 |   0.0 |   707
          D:10 |     168 |    2454 |   6.4 |       3 |      26 |  10.3 |  1003
          D:11 |     305 |    3950 |   7.2 |       7 |      33 |  17.5 |   750
          D:12 |       0 |     877 |   0.0 |       0 |       7 |   0.0 |   213
        Lair:1 |       0 |     143 |   0.0 |       0 |       1 |   0.0 |    59
        Lair:3 |       0 |    1913 |   0.0 |       0 |       5 |   0.0 |   325
       Swamp:1 |       0 |    2177 |   0.0 |       0 |      10 |   0.0 |   106
       Swamp:2 |     220 |    4087 |   5.1 |       1 |      14 |   6.7 |   402
       Swamp:3 |      48 |    2741 |   1.7 |       1 |      10 |   9.1 |   137
       Swamp:4 |       0 |     845 |   0.0 |       0 |       2 |   0.0 |    95
      Spider:1 |       0 |    6018 |   0.0 |       0 |      20 |   0.0 |   317
      Spider:2 |       0 |     295 |   0.0 |       0 |       1 |   0.0 |     5
         Orc:1 |    3532 |    1616 |  68.6 |      21 |      36 |  36.8 |  1044
         Orc:2 |     135 |   14283 |   0.9 |       7 |     108 |   6.1 |  1633
        Bailey |       0 |    1481 |   0.0 |       0 |      16 |   0.0 |   288
         IceCv |       0 |   11052 |   0.0 |       0 |      43 |   0.0 |   586
       Volcano |       0 |    2341 |   0.0 |       0 |       6 |   0.0 |   198
               +---------+---------+-------+---------+---------+-------+---------
